 Dungeon Crawl Stone Soup version 0.32-a0-876-gcfddb08e57 (webtiles) character file.

Game seed: 14903776699528301865

736 Fodor the Chopper (level 7, -9/61 HPs)
             Began as a Minotaur Fighter on Apr 1, 2024.
             Killed by divine providence
             ... invoked by an orc priest
              (15 damage)
             ... on level 4 of the Dungeon.
             The game lasted 00:11:34 (3582 turns).

Fodor the Chopper (Minotaur Fighter)                Turns: 3582, Time: 00:11:34

Health: -9/61      AC:  9    Str: 22    XL:     7   Next: 46%
Magic:  6/6        EV:  6    Int:  5    God:
Gold:   194        SH: 12    Dex: 10    Spells: 6/6 levels left

rFire   + + +        a - +0 war axe
rCold   x . .        q - +0 tower shield
rNeg    . . .        n - +0 fire dragon scales
rPois   .            (helmet restricted)
rElec   .            (no cloak)
rCorr   .            (no gloves)
SInv    .            (no boots)
Will    .....        (no amulet) Stlth
                     e - ring of protection from fire
HPRegen 0.30/turn    (no ring)
MPRegen 0.10/turn

%: no passive effects
@: mighty, lethally poisoned (-9 -> -13)
A: horns 2, retaliatory headbutt
a: Convert to Beogh


You were on level 4 of the Dungeon.
You visited 1 branch of the dungeon, and saw 4 of its levels.
You also visited: Sewer.

You collected 194 gold pieces.

Inventory:

Hand Weapons
 a - a +0 war axe (weapon)
Armour
 n - +0 fire dragon scales (worn)
 q - a +0 tower shield (worn)
Jewellery
 e - a ring of protection from fire (left hand)
Wands
 r - a wand of warping (4)
 y - a wand of flame (18)
Scrolls
 b - 2 scrolls of teleportation
 c - a scroll of blinking {unknown}
 f - a scroll of noise {unknown}
 g - a scroll of revelation
 h - a scroll of enchant armour {unknown}
 k - a scroll of brand weapon {unknown}
 l - 2 scrolls of vulnerability {unknown}
 p - a scroll of immolation {unknown}
 s - 2 scrolls of identify {unknown}
 t - a scroll of poison {unknown}
 x - a scroll of fog {unknown}
Potions
 d - 2 potions of might
 i - 2 potions of heal wounds {unknown}
 j - a potion of enlightenment {unknown}
 m - a potion of cancellation {unknown}
 o - 3 potions of attraction {unknown}
 u - a potion of mutation {unknown}
 v - a potion of haste {unknown}
 w - a potion of invisibility {unknown}
 z - a potion of experience {unknown}
 A - a potion of brilliance {unknown}
 B - a potion of magic {unknown}


   Skills:
 + Level 5.0 Fighting
 + Level 7.0 Axes
 + Level 5.3 Armour
 + Level 1.9 Dodging
 + Level 0.2 Stealth
 + Level 5.6 Shields


You had 6 spell levels left.
You didn't know any spells.
Your spell library contained the following spells:

 Spells                   Type           Power      Damage    Failure   Level
 Sandblast                Erth           0%         2d4       100%        1
 Stone Arrow              Conj/Erth      0%         3d7       100%        3
 Brom's Barrelling Bould  Conj/Erth      0%         2d3       100%        4
 Iskenderun's Battlesphe  Conj           0%         2d6       100%        5
 Summon Forest            Summ/Tloc      0%         N/A       100%        5
 Summon Mana Viper        Hex/Summ       0%         N/A       100%        5
 Bombard                  Conj/Erth      0%         9d1       100%        6
 Summon Cactus Giant      Summ           0%         N/A       100%        6
 Spellforged Servitor     Conj/Summ      0%         N/A       100%        7


Dungeon Overview and Level Annotations

Branches:
Dungeon (4/15)              Sewer (visited)
 Temple: D:4-7

Altars:


Innate Abilities, Weirdness & Mutations

You have a pair of horns on your head.
You reflexively headbutt those who attack you in melee.


Message History

You barely miss the orc. You headbutt the orc!
You kill the orc!
You hit the orc priest but do no damage.
You feel very sick.
The orc priest hits you with a +2 flail of venom.
You are more poisoned.
The orc priest threatens, "Beogh's wrath is as vast as their mercy.
Make your choice!" (press Y on the ability menu to convert to Beogh)
You closely miss the orc. You slash the orc priest!
You feel very sick. The orc priest barely misses you. You furiously retaliate!
You headbutt the orc priest. You block the orc's attack.
You block the orc priest's attack. You block the orc's attack.
The orc priest threatens, "Beogh's wrath is as vast as their mercy.
Make your choice!"
The orc priest shouts, "The Pantheon deserves no one's loyalty.
Let us show you the true path!"
You slash the orc!
You kill the orc!
You hit the orc priest but do no damage.
The orc priest shouts, "Surrender to Beogh and we'll let you live!"
You feel very sick. You block the orc priest's attack.
The orc priest threatens, "Beogh's wrath is as vast as their mercy.
Make your choice!"
You barely miss the orc priest.
The orc priest is severely wounded.
You slash the orc priest!
The orc priest shouts, "The Pantheon deserves no one's loyalty.
Let us show you the true path!"
You barely miss the hobgoblin.
You feel very sick.
The orc priest calls down the wrath of Beogh upon you.
Pain shoots through your body!
The orc priest invokes the aid of Beogh against you.
Beogh smites you!
* * * LOW HITPOINT WARNING * * *
You block the hobgoblin's attack.
You feel very mighty all of a sudden.
* * * LOW HITPOINT WARNING * * *
You feel sick.
The orc priest calls down the wrath of Beogh upon you.
Beogh smites you!
You die...

.#...#.........#
.#...##....##..#
.######....##..#
......#........#
......'........#
..)...#........#####+#
......#######...#....#
............#...#g...#
.#####......#...@o...#
.#...#......#..##o...#
##...#......#..# ....#
.#...#......#..#
.......
.'...#......#..#
.......
.#...#......#..#
....##.
##'###......#..+ ....#
##...#......#..# ....#
.....#......#..#


You could see 2 orc priests and a hobgoblin.

Vanquished Creatures
  Menkaure (D:4)
  2 kobold brigands (Sewer)
  A bombardier beetle (D:3)
  A hound (D:4)
  An orc priest (D:4)
  Jessica (D:3)
  Natasha (thrice) (D:3)
  An orc wizard (D:4)
  4 adders
  4 gnolls (D:3)
  8 river rats
  A dart slug (D:1)
  3 ribbon worms (D:3)
  8 orcs
  4 bats
  5 endoplasms
  3 giant cockroaches
  6 goblins
  4 hobgoblins
  6 jackals (D:1)
  2 quokkas
  14 ball pythons
  3 frilled lizards (D:1)
  21 kobolds
  23 rats
130 creatures vanquished.

Notes
Turn   | Place    | Note
-------+----------+-------------------------------------------
     0 | D:1      | Fodor the Minotaur Fighter began the quest for the Orb.
     0 | D:1      | Reached XP level 1. HP: 19/19 MP: 0/0
    11 | D:1      | Reached XP level 2. HP: 23/27 MP: 1/1
    68 | D:1      | Found a faded altar of an unknown god.
   298 | D:1      | Reached skill level 3 in Axes
   298 | D:1      | Reached XP level 3. HP: 33/33 MP: 2/2
  1512 | D:3      | Reached XP level 4. HP: 40/40 MP: 3/3
  1518 | D:3      | Reached skill level 4 in Axes
  1523 | D:3      | Found a glowing drain.
  1538 | Sewer    | Entered a sewer
  1629 | Sewer    | Reached XP level 5. HP: 17/46 MP: 4/4
  1880 | Sewer    | Reached skill level 5 in Axes
  1977 | Sewer    | Reached skill level 1 in Dodging
  1989 | Sewer    | Reached XP level 6. HP: 32/53 MP: 5/5
  2330 | D:3      | Noticed Natasha
  2335 | D:3      | Noticed Jessica
  2348 | D:3      | Killed Natasha
  2353 | D:3      | Killed Jessica
  2354 | D:3      | Reached skill level 6 in Axes
  2354 | D:3      | Reached skill level 5 in Shields
  2822 | D:3      | Noticed Natasha
  2836 | D:3      | Killed Natasha
  3129 | D:3      | Noticed Natasha
  3139 | D:3      | Killed Natasha
  3140 | D:3      | Reached XP level 7. HP: 60/60 MP: 6/6
  3207 | D:4      | Noticed Menkaure
  3214 | D:4      | Killed Menkaure
  3215 | D:4      | Reached skill level 5 in Armour
  3400 | D:4      | Reached skill level 5 in Fighting
  3400 | D:4      | Reached skill level 7 in Axes
  3424 | D:4      | Identified the +2 robe of the Vacuum {Str+5}
  3582 | D:4      | Killed from afar by an orc priest

Illustrated notes

Levels and vault maps discovered:
D:1:      dpeg_arrival_shelter, layout_basic, chequers_ecumenical_altar_island
D:2:      layout_loops_corners, minivault_23
D:3:      layout_basic, portal_sewer_entry_a, dreamdust_princess_corridor,
          hangedman_feature_mirror, nrook_mini_vaults, uniq_natasha,
          uniq_jessica
D:4:      layout_gridville, uniq_menkaure

Skill      XL: |  1  2  3  4  5  6  7 |
---------------+----------------------+-----
Shields        | 4 5 |  5.6
Fighting       | 4 5 |  5.0
Axes           | 3 4 5 6 7 |  7.0
Armour         | 4 5 |  5.3
Dodging        | 1 |  1.9
Stealth        | |  0.2

Action                     |  1- 3 |  4- 6 |  7- 9 || total
---------------------------+-------+-------+-------++-------
  Melee: War axe           |    75 |   136 |    41 ||   252
         Headbutt          |     9 |    24 |     8 ||    41
    Use: Scroll            |     2 |       |       ||     2
         Potion            |       |       |     1 ||     1
 Armour: Scale mail        |    41 |       |       ||    41
         Fire dragon scale |    15 |   160 |    20 ||   195
  Dodge: Dodged            |    33 |    40 |     4 ||    77
  Block: Buckler           |    14 |       |       ||    14
         Tower shield      |    12 |   156 |    22 ||   190

Table legend: (Time is in decaauts)
 A = Elapsed time spent in this place.
 B = Non-inter-level travel time spent in this place.
 C = Inter-level travel time spent in this place.
 D = Time resting spent in this place.
 E = Time spent auto-exploring this place.
 F = Levels seen in this place.
 G = Mean time per level.
                   A        B        C        D        E       F      G
               +--------+--------+--------+--------+--------+-----+--------+
         Total |   3733 |   3705 |     28 |      0 |   2754 |   5 |  746.6 |
       Dungeon |   2906 |   2878 |     28 |      0 |   2145 |   4 |  726.5 |
         Sewer |    827 |    827 |      0 |      0 |    609 |   1 |  827.0 |
               +--------+--------+--------+--------+--------+-----+--------+

Top non-repeatable levels by time:
     D:3: 972 daAuts
     D:2: 885 daAuts
   Sewer: 827 daAuts
     D:1: 632 daAuts
     D:4: 416 daAuts
